 Dungeon Crawl Stone Soup version 0.28.0-53-g5a82cb258f (webtiles) character file.

Game seed: 14103508605685405224

116 Sin92 the Skirmisher (level 4, -2/35 HPs)
             Began as a Demonspawn Fighter on June 16, 2022.
             Slain by an orc
             ... wielding a +0 short sword
              (4 damage)
             ... on level 3 of the Dungeon.
             The game lasted 00:02:28 (2123 turns).

Sin92 the Skirmisher (Demonspawn Fighter)           Turns: 2123, Time: 00:02:30

Health: -2/35      AC: 15    Str: 16    XL:     4   Next: 69%
Magic:  4/4        EV:  4    Int:  9    God:
Gold:   57         SH:  9    Dex: 15    Spells: 3/3 levels left

rFire   . . .      SeeInvis .   k - +2 mace (vorpal)
rCold   . . .      Faith    .   c - +0 buckler
rNeg    . . .      Spirit   .   e - +0 plate armour
rPois   .          Reflect  .   (no helmet)
rElec   .          Harm     .   i - +0 cloak
rCorr   .          Rampage  .   g - +0 pair of gloves
Will    .....                   (no boots)
Stlth   ..........              (no amulet)
HPRegen 0.11/turn               (no ring)
MPRegen 0.09/turn               (no ring)

@: unable to read
A: claws 1, condensation shield, iridescent scales 1, inability to read while
threatened
a: no special abilities


You were on level 3 of the Dungeon.
You visited 1 branch of the dungeon, and saw 3 of its levels.

You collected 57 gold pieces.

Inventory:

Hand Weapons
 a - a +0 war axe
 k - a +2 vorpal mace (weapon)
Armour
 b - a +0 scale mail
 c - a +0 buckler (worn)
 e - a +0 plate armour (worn)
 g - a +0 pair of gloves (worn)
 i - a +0 cloak (worn)
Scrolls
 j - a scroll of silence {unknown}
 l - a scroll of identify {unknown}
 n - a scroll of teleportation
 o - a scroll of enchant weapon {unknown}
Potions
 d - a potion of might
 f - 2 potions of curing {unknown}
 h - 2 potions of degeneration {unknown}
 m - 2 potions of brilliance {unknown}


   Skills:
 + Level 3.5 Fighting
 + Level 3.0(3.1) Axes
 * Level 0.8(2.1) Maces & Flails
 + Level 3.2 Armour
 + Level 3.2 Shields


You had 3 spell levels left.
You didn't know any spells.
Your spell library contained the following spells:

 Spells                   Type           Power      Damage    Failure   Level
 Ensorcelled Hibernation  Hex/Ice        0%         N/A       100%        2
 Scorch                   Fire           0%         2d5       100%        2
 Call Canine Familiar     Summ           0%         N/A       100%        3
 Portal Projectile        Hex/Tloc       0%         N/A       100%        3
 Spider Form              Tmut/Pois      0%         N/A       100%        3
 Anguish                  Hex/Necr       0%         N/A       100%        4
 Flame Wave               Conj/Fire      0%         2d4       100%        4
 Leda's Liquefaction      Hex/Erth       0%         N/A       100%        4
 Summon Cactus Giant      Summ           0%         N/A       100%        6


Dungeon Overview and Level Annotations

Branches:
Dungeon (3/15)

Altars:


Innate Abilities, Weirdness & Mutations

You have sharp fingernails.
A meltable shield of frost defends you. (SH +4)
You are partially covered in iridescent scales. (AC +2)
You sometimes lose the ability to read scrolls when taking damage.


Message History

Unknown command.
There are monsters nearby!
You hit the orc priest but do no damage.
An adder comes into view.
The orc priest hits you but does no damage.
The orc hits you but does no damage. You block the orc's attack.
The orc priest hits you but does no damage.
Unknown command.
There are monsters nearby!
You barely miss the orc priest.
The adder hisses angrily.
The orc hits you but does no damage. You block the orc's attack.
The orc priest miscasts a cantrip.
The orc barely misses you.
There are monsters nearby!
Unknown command.
You barely miss the orc priest.
You can read scrolls again.
The orc hits you but does no damage.
The orc priest calls down the wrath of Beogh upon you.
Beogh smites you!
You feel threatened and lose the ability to read scrolls!
The orc hits you but does no damage. You block the orc's attack.
There are monsters nearby!
You are too injured to fight recklessly!
Unknown command.
There are monsters nearby!
You are too injured to fight recklessly!
Unknown command.
There are monsters nearby!
You are too injured to fight recklessly!
Unknown command.
There are monsters nearby!
You hit the orc priest.
The orc priest is lightly wounded.
The orc priest calls down the wrath of Beogh upon you.
Pain shoots through your body!
* * * LOW HITPOINT WARNING * * *
The orc hits you with a +0 short sword.
You die...

##......###....
#.......
#......###.#####.##'#.#
##.......# #.#..#.#
#.#####.# #.#⌠.#.# #.
#.# #.####.# #. #.#
#..[.... #.### #.#
######## #.##..o##.#
.....So@..# ..#...o####
#.#.. #.... #.... #....
..### ###


You could see an orc priest, an adder and 2 orcs.

Vanquished Creatures
  An orc priest (D:3)
  2 adders (D:2)
  2 dart slugs
  5 orcs (D:3)
  4 ball pythons
  7 bats
  8 endoplasms
  3 giant cockroaches
  3 goblins
  5 hobgoblins
  A quokka (D:1)
  A frilled lizard (D:1)
  8 kobolds
  3 rats
53 creatures vanquished.

Vanquished Creatures (others)
  A plant (D:1)
1 creature vanquished.

Grand Total: 54 creatures vanquished

Notes
Turn   | Place    | Note
-------+----------+-------------------------------------------
     0 | D:1      | Sin92 the Demonspawn Fighter began the quest for the Orb.
     0 | D:1      | Reached XP level 1. HP: 18/18 MP: 1/1
   153 | D:1      | Discovered your monstrous ancestry.
   153 | D:1      | Gained mutation: You have sharp fingernails. [demonic
                  | ancestry]
   153 | D:1      | Reached XP level 2. HP: 2/24 MP: 2/2
   860 | D:1      | Found a faded altar of an unknown god.
  1060 | D:2      | Gained mutation: A meltable shield of frost defends you.
                  | (SH +4) [demonic ancestry]
  1060 | D:2      | Reached XP level 3. HP: 28/29 MP: 3/3
  1717 | D:2      | Gained mutation: You sometimes lose the ability to read
                  | scrolls when taking damage. [potion of mutation]
  1717 | D:2      | Gained mutation: You are partially covered in iridescent
                  | scales. (AC +2) [potion of mutation]
  1905 | D:3      | Reached XP level 4. HP: 35/35 MP: 4/4
  2123 | D:3      | Slain by an orc

Illustrated notes

Levels and vault maps discovered:
D:1:      matt_arrival_refuge, layout_rooms,
          dreamdust_ecumenical_altar_hidden_monk_grotto, due_unseen_surprise
D:2:      layout_basic
D:3:      minmay_door_path, layout_basic, uniq_robin

Skill      XL: |  1  2  3  4 |
---------------+-------------+-----
Axes           | 2 3 |  3.0
Armour         | 3 |  3.2
Shields        | 3 |  3.2
Fighting       | |  3.5
Maces & Flails | |  0.8

Action                   |  1- 3 |  4- 6 || total
-------------------------+-------+-------++-------
Melee: War axe           |   112 |    17 ||   129
       Mace              |       |    19 ||    19
  Use: Scroll            |     2 |     1 ||     3
       Potion            |     1 |       ||     1
Armor: Scale mail        |     8 |       ||     8
       Plate armour      |    69 |    22 ||    91
Dodge: Dodged            |    27 |     8 ||    35
Block: Buckler           |    36 |    23 ||    59
